 Dungeon Crawl Stone Soup version 0.30-a0-34-gbe8da3892a (webtiles) character file.

Game seed: 17625937607651764668

107 ytrimaz the Insei (level 4, -2/42 HPs)
             Began as an Octopode Transmuter on Aug 28, 2022.
             Slain by Grinder (5 damage)
             ... on level 3 of the Dungeon.
             The game lasted 00:03:28 (2271 turns).

ytrimaz the Insei (Octopode Transmuter)             Turns: 2271, Time: 00:03:29

Health: -2/42      AC: 22    Str:  9    XL:     4   Next: 86%
Magic:  0/7        EV:  2    Int: 17    God:
Gold:   112        SH:  0    Dex: 10    Spells: 1/7 levels left

rFire   . . .      SeeInvis .      - Unarmed
rCold   . . .      Faith    .    (no shield)
rNeg    . . .      Spirit   +    (helmet currently unavailable)
rPois   +          Reflect  .    i - amulet of guardian spirit
rElec   .          Harm     .    (no ring)
rCorr   .          Rampage  .    (no ring)
Will    .....      NoTele   +    (no ring)
Stlth   +.........               (no ring)
HPRegen 0.00/turn                (no ring)
MPRegen 0.10/turn                (no ring)
                                 (no ring)
                                 (no ring)

@: mighty, brilliant, tree-form, inhibited regen
A: stationary, stasis, torment immunity, boosted hp, almost no armour,
(amphibious), 8 rings, (camouflage 1), (gelatinous body 1), (nimble swimmer 1),
(tentacles), (tentacle spike 1), (iridescent scales 1), clumsy 1, inhibited
regeneration
a: no special abilities


You were on level 3 of the Dungeon.
You were a tree.
You visited 1 branch of the dungeon, and saw 3 of its levels.

You collected 112 gold pieces.

Inventory:

Jewellery
 i - an amulet of guardian spirit (around neck)
 j - an amulet of faith
Scrolls
 b - a scroll of enchant weapon {unknown}
 d - a scroll of teleportation {unknown}
 f - a scroll of identify {unknown}
 g - a scroll of blinking {unknown}
 h - 2 scrolls of enchant armour {unknown}
 k - a scroll of amnesia {unknown}
Potions
 e - a potion of might


   Skills:
 - Level 1.0 Fighting
 - Level 2.0 Dodging
 - Level 4.3 Unarmed Combat
 + Level 2.4 Spellcasting
 + Level 2.5 Transmutations
 * Level 2.4 Poison Magic


You had one spell level left.
You knew the following spells:

 Your Spells              Type           Power      Damage    Failure   Level
a - Beastly Appendage     Tmut           30%        N/A       7%          1
b - Wereblood             Tmut           15%        N/A       10%         2
c - Spider Form           Tmut/Pois      15%        N/A       21%         3

Your spell library contained the following spells:

 Spells                   Type           Power      Damage    Failure   Level
 Ice Form                 Ice/Tmut       9%         N/A       73%         4


Dungeon Overview and Level Annotations

Branches:
Dungeon (3/15)

Altars:
Yredelemnul

Annotations:
D:3 2 transporters, Grinder; purpskrrrp's ghost, amateur HuFE


Innate Abilities, Weirdness & Mutations

You are a tree.
Your roots penetrate the ground, keeping you stationary.
You cannot be teleported.
You are immune to unholy pain and torment.
Your maximum health is greatly increased.
You cannot wear most types of armour.
((You are amphibious.))
You can wear up to eight rings at the same time.
((Your skin changes colour to match your surroundings (Stealth+).))
((Your rubbery body absorbs attacks. (AC +1, EV +1)))
((You are camouflaged when in or above water. (Stealth+)))
((You have tentacles for arms and can constrict up to eight enemies at once.))
((One of your tentacles bears a spike.))
((You are partially covered in iridescent scales. (AC +2)))
You are clumsy. (Dex -2)
You do not regenerate when monsters are visible.


Message History

You aren't wearing any pieces of armour.
Unknown command.
Unknown command.
You see here a rat corpse.
Casting: Spider Form (quite dangerous; 21% risk of failure)
Confirm with . or Enter, or press ? or * to list all spells.
You don't have enough magic to cast this spell.
Unknown command.
The worm bites you!
* * * LOW HITPOINT WARNING * * *
You completely miss the worm. You grab the worm.
You pierce the worm.
You squeeze the worm.
The worm is heavily wounded.
You constrict the worm.
Unknown command.
Really quaff the potion of lignification?
You turn into a tree.
Your roots penetrate the ground.
You lose your grip on the worm.
Grinder blinks!
The worm barely misses you.
Unknown command.
You smack the worm!
You kill the worm!
You smack the endoplasm!
You kill the endoplasm!
You cannot move.
You cannot move.
Unknown command.
You cannot move.
It was a potion of brilliance.
You feel clever all of a sudden.
Grinder says, "I used to sell toenails on the black market."
It was a potion of might.
You feel very mighty all of a sudden.
Your magical contamination has completely faded away.
Unknown command.
You smack Grinder!
Grinder is moderately wounded.
Grinder hits you.
* * * LOW HITPOINT WARNING * * *
You writhe in agony.
You die...

....<##.#
#.######...#
.### #.#
#.......) .
#.# #.###.##.
#.#####.# #
#.......# .#
####.##.# #.#
#.##.##..
#>##.#.#.#...
#.##♣†.......
#..5##.#.#.##
###. #.. ..
.... ... ...#
##.. ..## ##.
## #.


You could see Grinder.

Vanquished Creatures
  3 gnolls (D:2)
  2 adders (D:2)
  A worm (D:3)
  A dart slug (D:2)
  An orc (D:3)
  5 bats
  4 endoplasms
  2 giant cockroaches (D:1)
  8 goblins
  3 hobgoblins
  3 jackals (D:1)
  3 quokkas
  5 ball pythons (D:2)
  2 frilled lizards (D:1)
  5 kobolds
  4 rats
52 creatures vanquished.

Notes
Turn   | Place    | Note
-------+----------+-------------------------------------------
     0 | D:1      | ytrimaz the Octopode Transmuter began the quest for the
                  | Orb.
     0 | D:1      | Reached XP level 1. HP: 13/13 MP: 3/3
   440 | D:1      | Reached XP level 2. HP: 18/18 MP: 3/5
  1063 | D:2      | Reached skill level 4 in Unarmed Combat
  1070 | D:2      | Reached XP level 3. HP: 20/23 MP: 4/6
  1087 | D:1      | Learned a level 2 spell: Wereblood
  1091 | D:1      | Learned a level 3 spell: Spider Form
  1260 | D:2      | Gained mutation: You do not regenerate when monsters are
                  | visible. [potion of mutation]
  1260 | D:2      | Gained mutation: One of your tentacles bears a spike.
                  | [potion of mutation]
  1260 | D:2      | Gained mutation: You are clumsy. (Dex -2) [potion of
                  | mutation]
  1260 | D:2      | Gained mutation: You are partially covered in iridescent
                  | scales. (AC +2) [potion of mutation]
  1277 | D:2      | Reached skill level 1 in Poison Magic
  1284 | D:2      | Reached XP level 4. HP: 12/28 MP: 3/7
  2150 | D:3      | Found a basalt altar of Yredelemnul.
  2159 | D:3      | Identified the +1 robe of Pride {+Inv rPois}
  2181 | D:3      | Found a transporter.
  2192 | D:3      | Noticed purpskrrrp's ghost (amateur HuFE)
  2205 | D:3      | Found a transporter.
  2257 | D:3      | Noticed Grinder
  2271 | D:3      | Slain by Grinder

Illustrated notes

Levels and vault maps discovered:
D:1:      lemuel_arrival_room, layout_loops_ring, serial_bayou_pond_e
D:2:      layout_loops_ring, st_stairs_11
D:3:      layout_loops_ring, yredelemnul_altar_generic, gammafunk_ghost_arena,
          uniq_grinder

Skill      XL: |  1  2  3  4 |
---------------+-------------+-----
Unarmed Combat | 4 |  4.3
Poison Magic   | 1 2 |  2.4
Fighting       | |  1.0
Dodging        | |  2.0
Spellcasting   | |  2.4
Transmutations | |  2.5

Action                   |  1- 3 |  4- 6 || total
-------------------------+-------+-------++-------
Melee: Unarmed           |    57 |    42 ||    99
       Constrict         |    18 |    10 ||    28
       Kick              |     8 |    14 ||    22
       Tentacles         |    13 |     7 ||    20
       Punch             |     3 |     1 ||     4
 Cast: Beastly Appendage |     8 |       ||     8
       Wereblood         |     1 |       ||     1
  Use: Potion            |     1 |     3 ||     4
 Stab: Sleeping          |     6 |     3 ||     9
       Distracted        |     1 |       ||     1
Armor: Skin              |     8 |     6 ||    14
Dodge: Dodged            |    64 |    18 ||    82

Table legend: (Time is in decaauts)
 A = Elapsed time spent in this place.
 B = Non-inter-level travel time spent in this place.
 C = Inter-level travel time spent in this place.
 D = Time resting spent in this place.
 E = Time spent auto-exploring this place.
 F = Levels seen in this place.
 G = Mean time per level.
                   A        B        C        D        E       F      G
               +--------+--------+--------+--------+--------+-----+--------+
         Total |   2262 |   2190 |     72 |      0 |   1792 |   3 |  754.0 |
       Dungeon |   2262 |   2190 |     72 |      0 |   1792 |   3 |  754.0 |
               +--------+--------+--------+--------+--------+-----+--------+

Top non-repeatable levels by time:
     D:1: 1113 daAuts
     D:2: 1025 daAuts
     D:3: 123 daAuts
